AoeStats
← Ebrio

QS Arena

503254758Analyzed
4v4 RM · 1mo ago on Aug 30, 2026· 37m 32s· 8 players
Game mode
Random Map
Map size
Large (8 player)
Population
200
Speed
Normal
Resources
Standard
Victory
Conquest
Starting age
Dark Age
Ending age
Imperial Age
RankedLock teamsTeams togetherTeam positionsShared explorationLock speedFull tech treeHidden civsTurbo modeCheats
Victory
Defeat
🇦🇷 Persians · Argentina
909
+3
🇺🇸 Ethiopians · United States
884
+4
🇹🇼 Portuguese · Taiwan
869
+9
🇲🇽 Mongols · Mexico
720
+8
🇺🇸 Spanish · United States
686
-9
🇦🇷 Teutons · Argentina
648
-8
🇩🇪 Khmer · Germany
429
-3
🇬🇧 Goths · United Kingdom
394
-2
Ligmaainus
7:56 Feudal Age
14:47 Castle Age
13:33 Double-Bit Axe
16:00 Fletching
23:17 Bodkin Arrow
23:23 Padded Archer Armor
24:56 Bow Saw
27:08 Leather Archer Armor
31:13 Wheelbarrow
39:07 Imperial Age
36:58 Husbandry
37:19 Bloodlines
Tegernseer1847
4:29 Loom
8:40 Feudal Age
11:38 Wheelbarrow
11:05 Horse Collar
14:47 Double-Bit Axe
19:41 Castle Age
18:31 Stone Mining
18:40 Gold Mining
21:41 Hand Cart
22:27 Husbandry
21:48 Light Cavalry
22:39 Bloodlines
22:44 Heavy Plow
24:38 Fervor
27:01 Fortified Wall
30:22 Imperial Age
28:07 Scale Barding Armor
28:03 Scale Mail Armor
28:13 Forging
29:42 Caravan
30:27 Gold Shaft Mining
32:11 Conscription
32:07 Double Crossbow
33:19 Heavy Scorpion
athmaniac
1:00 Loom
9:54 Feudal Age
14:41 Gold Mining
14:43 Double-Bit Axe
17:09 Castle Age
15:25 Stone Mining
18:51 Bow Saw
19:16 Horse Collar
20:58 Man-at-Arms
23:50 Fervor
26:43 Heavy Plow
31:09 Imperial Age
28:33 Long Swordsman
28:34 Pikeman
29:14 Squires
30:15 Wheelbarrow
34:11 Conscription
33:52 Anarchy
33:13 Elite Huskarl
33:19 Two-Handed Swordsman
33:19 Halberdier
34:38 Champion
35:31 Scale Mail Armor
35:42 Forging
36:52 Chemistry
JTW
0:35 Loom
9:45 Feudal Age
10:44 Double-Bit Axe
11:32 Gold Mining
13:50 Wheelbarrow
13:12 Stone Mining
13:08 Horse Collar
14:58 Town Watch
22:10 Castle Age
21:21 Forging
MedicenKarly
0:53 Loom
7:48 Feudal Age
9:10 Wheelbarrow
8:24 Double-Bit Axe
10:02 Horse Collar
17:06 Castle Age
16:33 Stone Mining
17:18 Gold Mining
24:08 Fletching
24:30 Padded Archer Armor
29:50 Ballistics
31:50 Leather Archer Armor
mholton14
8:16 Feudal Age
9:00 Double-Bit Axe
14:38 Castle Age
12:27 Horse Collar
13:25 Gold Mining
14:46 Crossbowman
20:20 Thumb Ring
21:09 Bow Saw
20:53 Fletching
21:05 Padded Archer Armor
23:51 Bodkin Arrow
25:07 Wheelbarrow
25:39 Leather Archer Armor
26:32 Hand Cart
28:14 Scale Mail Armor
28:27 Masonry
29:54 Chain Mail Armor
30:22 Gold Shaft Mining
29:27 Elite Skirmisher
32:39 Squires
32:27 Arson
33:08 Ballistics
35:16 Heavy Plow
jingr
1:27 Loom
7:38 Feudal Age
8:11 Double-Bit Axe
8:23 Town Watch
10:00 Wheelbarrow
11:12 Town Watch
12:30 Horse Collar
18:24 Castle Age
19:09 Fletching
19:20 Padded Archer Armor
22:17 Gambesons
22:18 Arson
22:47 Bodkin Arrow
23:26 Hand Cart
23:18 Gold Mining
25:55 Town Patrol
27:01 Stone Mining
27:38 Man-at-Arms
29:23 Pikeman
29:28 Crossbowman
30:13 Thumb Ring
30:52 Bow Saw
34:11 Imperial Age
32:39 Bloodlines
32:29 Husbandry
32:48 Long Swordsman
32:51 Light Cavalry
33:32 Husbandry
35:03 Bracer
35:14 Forging
35:04 Scale Mail Armor
34:33 Cavalier
35:10 Two-Handed Swordsman
37:16 Iron Casting
Ebrio
2:09 Loom
9:24 Feudal Age
10:45 Double-Bit Axe
10:42 Horse Collar
14:36 Castle Age
15:37 Wheelbarrow
15:14 Bow Saw
15:33 Heavy Plow
27:32 Imperial Age
25:25 Gold Mining
26:10 Hand Cart
26:04 Scale Barding Armor
26:09 Forging
27:50 Gold Shaft Mining
27:08 Stone Mining
27:58 Chain Barding Armor
28:14 Iron Casting
27:29 Cavalier
29:29 Two-Man Saw
29:23 Bloodlines
29:15 Husbandry
30:31 Stone Shaft Mining
30:29 Crop Rotation
29:58 Savar
31:37 Plate Barding Armor
32:57 Blast Furnace
33:43 Town Watch
34:59 Caravan
35:24 Crossbowman
36:40 Thumb Ring
Connection lost

Rejoining the realm…

Still unreachable

The connection could not be restored.

Session expired

The server has moved on; the page needs a fresh start.